 Dungeon Crawl Stone Soup version 0.28-a0-1510-gd0f6b136d3 (webtiles) character file.

Game seed: 12145187087281918392

1 croobank the Caller (level 1, -1/11 HPs)
             Began as an Octopode Summoner on Jan 15, 2022.
             Slain by a kobold (2 damage)
             ... on level 1 of the Dungeon.
             The game lasted 00:00:12 (39 turns).

croobank the Caller (Octopode Summoner)               Turns: 39, Time: 00:00:13

Health: -1/11      AC:  1    Str:  7    XL:     1   Next: 20%
Magic:  2/3        EV: 13    Int: 17    God:
Gold:   0          SH:  0    Dex: 12    Spells: 3/4 levels left

rFire   . . .      SeeInvis .   (no weapon)
rCold   . . .      Faith    .   (no shield)
rNeg    . . .      Spirit   .   (helmet restricted)
rPois   .          Reflect  .   (no amulet)
rElec   .          Harm     .   (no ring)
rCorr   .          Rampage  .   (no ring)
Will    .....                   (no ring)
Stlth   +++.......              (no ring)
HPRegen 0.03/turn               (no ring)
MPRegen 0.08/turn               (no ring)
                                (no ring)
                                (no ring)

@: no status effects
A: almost no armour, amphibious, 8 rings, camouflage 1, gelatinous body 1,
(nimble swimmer 1), tentacles
a: no special abilities


You were on level 1 of the Dungeon.
You visited 1 branch of the dungeon, and saw 1 of its levels.

Inventory:

Potions
 a - a potion of curing {unknown}


   Skills:
 + Level 2.0 Dodging
 + Level 2.7 Stealth
 + Level 2.0 Spellcasting
 + Level 4.0 Summonings


You had 3 spell levels left.
You knew the following spells:

 Your Spells              Type           Power      Damage    Failure   Level
a - Summon Small Mammal   Summ           60%        N/A       3%          1

Your spell library contained the following spells:

 Spells                   Type           Power      Damage    Failure   Level
 Call Imp                 Summ           15%        N/A       5%          2
 Call Canine Familiar     Summ           15%        N/A       11%         3
 Summon Guardian Golem    Hex/Summ       8%         N/A       26%         3
 Summon Lightning Spire   Summ/Air       8%         N/A       63%         4


Dungeon Overview and Level Annotations

Branches:
Dungeon (1/15)

Altars:


Innate Abilities, Weirdness & Mutations

You cannot wear most types of armour.
You are amphibious.
You can wear up to eight rings at the same time.
Your skin changes colour to match your surroundings (Stealth+).
Your rubbery body absorbs attacks. (AC +1, EV +1)
((You are camouflaged when in or above water. (Stealth+)))
You have tentacles for arms and can constrict up to eight enemies at once.


Message History

Welcome, croobank the Octopode Summoner.
You feel drawn to the Orb of Zot, downwards into the unfathomable depths...
Press ? for a list of commands and other information.
Found a staircase leading out of the dungeon.
You open the door.
There is an open door here.
Found a stone staircase leading down.
A rat comes into view.
A rat is nearby!
You see here a metallic black potion.
a - a metallic black potion A rat comes into view.
The rat moves out of view.
You tentacle-slap the rat but do no damage.
You grab the rat. You squeeze the rat.
The rat is severely wounded.
You constrict the rat.
You kill the rat!
You see here a rat corpse.
A kobold comes into view. It is wielding a +0 short sword.
Found 7 gold pieces.
You closely miss the rat. Your grab misses the rat. You squeeze the rat.
You kill the rat!
The kobold shouts!
The kobold hits you with a +0 short sword.
You barely miss the kobold. You grab the kobold. You constrict the kobold.
The kobold hits you with a +0 short sword.
You tentacle-slap the kobold but do no damage.
You squeeze the kobold.
The kobold is heavily wounded.
You constrict the kobold, but do no damage.
The kobold hits you with a +0 short sword.
* * * LOW HITPOINT WARNING * * *
Casting: Summon Small Mammal (safe; 3% risk of failure)
Confirm with . or Enter, or press ? or * to list all spells.
You constrict the kobold.
The kobold hits you with a +0 short sword.
You die...

#.....### #.###.#..#
#......# #..##.##.#
#......####..+8.8'.#
#.....†.....##...###
####.....#.....##...##
.........#.....#≈...≈#
......†..##....#≈...≈#
.........##.##.#≈...≈#
.....r.@.##.##.#≈...≈#
.......K.....#.#≈.<.≈#
.$...........#.##...##
............... ##.##
..............# ###
#######.......#
#........ #......#.


You could see a kobold (ally target) and a friendly quokka (summoned).

Vanquished Creatures
  2 rats (D:1)
2 creatures vanquished.

Notes
Turn   | Place    | Note
-------+----------+-------------------------------------------
     0 | D:1      | croobank the Octopode Summoner began the quest for the Orb.
     0 | D:1      | Reached XP level 1. HP: 11/11 MP: 3/3
    39 | D:1      | Slain by a kobold

Illustrated notes

Levels and vault maps discovered:
D:1:      wander_arrival_chamber, layout_basic, chequers_mini_garden,
          nrook_uturn, minmay_worlds_worst_comb

Action                   || total
-------------------------++-------
Melee: Unarmed           ||     4
       Tentacles         ||     3
       Constrict         ||     2
 Cast: Summon Small Mamm ||     1

Table legend: (Time is in decaauts)
 A = Elapsed time spent in this place.
 B = Non-inter-level travel time spent in this place.
 C = Inter-level travel time spent in this place.
 D = Time resting spent in this place.
 E = Time spent auto-exploring this place.
 F = Levels seen in this place.
 G = Mean time per level.
                   A        B        C        D        E       F      G
               +--------+--------+--------+--------+--------+-----+--------+
         Total |     39 |     39 |      0 |      0 |     24 |   1 |   39.0 |
       Dungeon |     39 |     39 |      0 |      0 |     24 |   1 |   39.0 |
               +--------+--------+--------+--------+--------+-----+--------+

Top non-repeatable levels by time:
     D:1: 39 daAuts
